 Dungeon Sprint DCSS version 0.28-a0-1435-g82390b3a13 (webtiles) character file.

Game seed: 6471030011056601303

20573 mhtbhm the Slayer (level 12, -6/210 HPs)
             Began as a Minotaur Berserker on Jan 9, 2022.
             Was the Champion of Trog.
             Shot with an arrow by a deep elf master archer (32 damage)
             ... in the Dungeon (Sprint III: "The Ten Rune Challenge").
             The game lasted 00:08:34 (4688 turns).

mhtbhm the Slayer (Minotaur Berserker)              Turns: 4688, Time: 00:08:35

Health: -6/210     AC: 14    Str: 25    XL:     12   Next: 46%
Magic:  11/11      EV: 13    Int:  2    God:    Trog [******]
Gold:   2603       SH:  0    Dex: 12    Spells: 11/11 levels left

rFire   + . .      SeeInvis +   a - +14 obsidian axe {vorpal, Mesm Drain Fly SInv}
rCold   . . .      Faith    .   (no shield)
rNeg    . . .      Spirit   .   b - +0 chain mail
rPois   .          Reflect  .   (helmet restricted)
rElec   .          Harm     .   (no cloak)
rCorr   .          Rampage  .   (no gloves)
Will    .....      NoTele   +   (no boots)
Stlth   ..........              (no amulet)
HPRegen 0.45/turn               (no ring)
MPRegen 0.12/turn               (no ring)

@: berserking (expiring), spiked, flying, mesmerised, very quick
A: horns 2, retaliatory headbutt, hooves 1, dopey 1, fire resistance 1
a: Renounce Religion, Berserk, Trog's Hand, Brothers in Arms


You were in the Dungeon.
You worshipped Trog.
Trog was exalted by your worship.
You visited 1 branch You collected 2669 gold pieces.
You spent 66 gold pieces at shops.

Inventory:

Hand Weapons
 a - the +14 obsidian axe (weapon) {vorpal, Mesm Drain Fly SInv}
   (Trog gifted it to you in the Dungeon)

   It inflicts extra damage upon your enemies.
   It occasionally summons demons to assist the wielder when it strikes in
   combat.
   Its wielder is mesmerised by any visible foes.
   It cannot be unequipped while any foes are visible.
   SInv:      It lets you see invisible.
   Fly:       It grants you flight.
   Drain:     It drains your maximum health when unequipped.
 s - a +4 broad axe of flaming
Missiles
 q - 7 javelins (quivered)
 r - 7 curare-tipped darts
Armour
 b - a +0 chain mail (worn)
Wands
 o - a wand of flame (27)
 t - a wand of iceblast (3)
Scrolls
 h - 2 scrolls of blinking
 i - a scroll of holy word {unknown}
 k - a scroll of torment {unknown}
 l - a scroll of identify {unknown}
 u - a scroll of immolation {unknown}
Potions
 c - 4 potions of curing
 d - a potion of heal wounds
 e - a potion of haste
 f - 2 potions of magic
 g - 2 potions of berserk rage
 j - 2 potions of ambrosia {unknown}
 m - 2 potions of flight
 n - 3 potions of mutation
Miscellaneous
 p - a phantom mirror


   Skills:
 + Level 23.0 Fighting
 + Level 22.6 Axes
 + Level 17.0 Armour
 + Level 11.4 Dodging
 + Level 3.5 Stealth


You had 11 spell levels left.
You didn't know any spells.
Your spell library was empty.

Dungeon Overview and Level Annotations

Branches:
Dungeon (1/1)

Altars:
Cheibriados
Dithmenos
Elyvilon
Fedhas
Gozag
Hepliaklqana
Kikubaaqudgha
Makhleb
Nemelex Xobeh
Okawaru
Qazlal
Ru
Sif Muna
Trog
Uskayaw
Vehumet
Wu Jian
Xom
Yredelemnul
Zin
The Shining One
Beogh
Jiyva
Lugonu

Shops:
D !?(?*[:[*!=[


Innate Abilities, Weirdness & Mutations

You have a pair of horns on your head.
You reflexively headbutt those who attack you in melee.
You have large cloven feet.
You are dopey. (Int -2)
Your flesh is heat resistant. (rF+)


Message History

Send 'em back where they came from!
Your stone giant is no longer berserk.
Your stone giant disappears in a puff of smoke!
You slash the deep elf demonologist!
The deep elf demonologist is heavily wounded.
You closely miss the deep elf zephyrmancer.
You slash the Brimstone Fiend! You barely miss the hell beast.
Visions of slaying the deep elf demonologist flood into your mind.
The deep elf master archer shoots an arrow.
The arrow hits you. The hell beast bites you!!
* * * LOW HITPOINT WARNING * * *
The hell beast tramples you.
* * * LOW HITPOINT WARNING * * *
You hold your ground!
You slice the deep elf demonologist!!
You break out of your daze!
You feel the power of Trog in you as your rage grows.
You kill the deep elf demonologist!
Trog accepts your kill.
Trog appreciates your killing of a magic user.
The ice devil disappears in a puff of smoke!
The hell beast disappears in a puff of smoke!
The Brimstone Fiend disappears in a puff of smoke!
You slash the deep elf zephyrmancer!
Visions of slaying the deep elf zephyrmancer flood into your mind.
The deep elf zephyrmancer gestures wildly while chanting.
The deep elf zephyrmancer blinks!
The deep elf master archer shoots an arrow.
The arrow hits you!
* * * LOW HITPOINT WARNING * * *
Your life force feels restored.
Your Fighting skill increases to level 23!
Your Armour skill increases to level 17!
Found a robe and a curved lead wand.
The barbed spikes dig painfully into your body as you move.
* * * LOW HITPOINT WARNING * * *
Visions of slaying the deep elf master archer flood into your mind.
The deep elf master archer shoots an arrow.
The arrow hits you!!
You die...

########################
.##..?.#...##.§e.'...."/
....##.#...##§≈≈≈##..##
...#.#.#)..≈≈≈§§@ee...#
....##.#).)##≈≈≈≈##..##
##∩.##.')).##.[[§'....e[
###..###################
#######################
'.#.'.(.'.#.#.#.))†.≈≈#
#)#.#((.##.#.#.##†..≈≈###
#.#.#...#.#.#.#.#...≈≈≈≈#
#...#...##.#.#.##...≈≈≈≈#


You could see a deep elf master archer (mesmerising), a deep elf annihilator
(empowered), a deep elf death mage (empowered) and a deep elf zephyrmancer
(empowered).

Vanquished Creatures
  Dowan (D)
  3 deep elf demonologists (D)
  A deep elf high priest (D)
  Erica (D)
  2 centaur warriors (D)
  4 dancing weapons (D)
  Urug (D)
  A lindwurm (D)
  An orc knight (D)
  4 deep elf pyromancers (D)
  An ugly thing (D)
  Duvessa (D)
  A komodo dragon (D)
  A rime drake (D)
  An unseen horror (D)
  2 cane toads (D)
  A queen bee (D)
  3 spriggan defenders (D)
  2 tyrant leeches (D)
  2 orc high priests (D)
  A shadow (D)
  3 redbacks (D)
  A spatial vortex (D)
  An orc warrior (D)
  A swamp drake (D)
  A necrophage (D)
  2 centaurs (D)
  An earth elemental (D)
  A water elemental (D)
  31 killer bees (D)
  3 wandering mushrooms (D)
  4 orc priests (D)
  A jelly (D)
  A wizard (D)
  A necromancer (D)
  3 humans (D)
  A kobold demonologist (D)
  A phantom (D)
  13 orcs (D)
  2 endoplasms (D)
  2 rats (D)
  A plant (D)
110 creatures vanquished.

Vanquished Creatures (collateral kills)
  A fire dragon (D)
  An obsidian statue (D)
  A deep elf zephyrmancer (D)
  An eye of devastation (shapeshifter) (D)
  A spriggan defender (D)
  An orc high priest (D)
  A killer bee (D)
  A plant (D)
8 creatures vanquished.

Vanquished Creatures (others)
  10 plants (D)
10 creatures vanquished.

Grand Total: 128 creatures vanquished

Notes
Turn   | Place    | Note
-------+----------+-------------------------------------------
     0 | D        | mhtbhm the Minotaur Berserker began the quest for the Orb.
     0 | D        | Reached XP level 1. HP: 19/19 MP: 0/0
     9 | D        | Reached skill level 4 in Fighting
    61 | D        | Reached ** piety under Trog
    83 | D        | Reached skill level 5 in Fighting
    83 | D        | Reached skill level 5 in Axes
    83 | D        | Reached XP level 2. HP: 4/29 MP: 1/1
   110 | D        | Gained mutation: You have large cloven feet. [potion of
                  | mutation]
   110 | D        | Gained mutation: Your flesh is heat resistant. (rF+)
                  | [potion of mutation]
   110 | D        | Gained mutation: You are dopey. (Int -2) [potion of
                  | mutation]
   367 | D        | Noticed a water elemental
   370 | D        | Killed a water elemental
   370 | D        | Reached *** piety under Trog
   371 | D        | Reached skill level 7 in Fighting
   371 | D        | Reached XP level 3. HP: 39/39 MP: 2/2
   371 | D        | Reached XP level 4. HP: 47/47 MP: 3/3
   450 | D        | Found a radiant altar of Vehumet.
   450 | D        | Found a shimmering blue altar of Sif Muna.
   450 | D        | Found an ancient bone altar of Kikubaaqudgha.
   450 | D        | Noticed a wizard
   451 | D        | Killed a wizard
   464 | D        | Reached skill level 8 in Fighting
   572 | D        | Found a glowing silver altar of Zin.
   572 | D        | Found a glowing golden altar of the Shining One.
   572 | D        | Found a white marble altar of Elyvilon.
   573 | D        | Noticed a deep elf pyromancer
   579 | D        | Killed a deep elf pyromancer
   579 | D        | Reached **** piety under Trog
   580 | D        | Reached skill level 11 in Fighting
   580 | D        | Reached skill level 5 in Armour
   580 | D        | Reached XP level 5. HP: 61/61 MP: 4/4
   580 | D        | Reached XP level 6. HP: 68/68 MP: 5/5
   580 | D        | Reached XP level 7. HP: 74/74 MP: 6/6
   620 | D        | Found a basalt altar of Yredelemnul.
   620 | D        | Found a shadowy altar of Dithmenos.
   620 | D        | Found a sacrificial altar of Ru.
   626 | D        | Reached ***** piety under Trog
   723 | D        | Found a hide-covered altar of Uskayaw.
   723 | D        | Found an iron altar of Okawaru.
   723 | D        | Found a bloodstained altar of Trog.
   723 | D        | Found an ornate altar of the Wu Jian Council.
   723 | D        | Noticed a human
   724 | D        | Noticed a human
   729 | D        | Killed a human
   730 | D        | Reached skill level 12 in Fighting
   731 | D        | Killed a human
   732 | D        | Reached skill level 1 in Stealth
   809 | D        | Noticed a shadow
   815 | D        | Killed a shadow
   816 | D        | Reached skill level 13 in Fighting
   816 | D        | Reached XP level 8. HP: 86/86 MP: 7/7
   903 | D        | Found a blossoming altar of Fedhas.
   903 | D        | Found a stormy altar of Qazlal.
   903 | D        | Found a snail-covered altar of Cheibriados.
   903 | D        | Found a burning altar of Makhleb.
   903 | D        | Found a shimmering altar of Xom.
   904 | D        | Found a hazy altar of Hepliaklqana.
   904 | D        | Found an opulent altar of Gozag.
   904 | D        | Found a sparkling altar of Nemelex Xobeh.
   904 | D        | Found a corrupted altar of Lugonu.
   904 | D        | Found a viscous altar of Jiyva.
   951 | D        | Noticed Erica
   961 | D        | Killed Erica
   962 | D        | Reached skill level 14 in Fighting
   962 | D        | Reached skill level 15 in Axes
  1047 | D        | Received a gift from Trog
  1353 | D        | Noticed a centaur warrior
  1359 | D        | Reached XP level 9. HP: 96/96 MP: 8/8
  1363 | D        | Killed a centaur warrior
  1364 | D        | Reached skill level 15 in Fighting
  1551 | D        | Killed an unseen horror
  1600 | D        | Noticed a wandering mushroom
  1604 | D        | Noticed a wandering mushroom
  1606 | D        | Noticed a wandering mushroom
  1974 | D        | Noticed a cane toad
  1974 | D        | Noticed a komodo dragon
  1974 | D        | Noticed a cane toad
  1978 | D        | Killed a cane toad
  1978 | D        | Received a gift from Trog
  1978 | D        | Found the +14 obsidian axe {vorpal, Mesm Drain Fly SInv}
  1984 | D        | Killed a cane toad
  1985 | D        | Reached skill level 16 in Fighting
  1985 | D        | Reached skill level 10 in Dodging
  1988 | D        | Killed a komodo dragon
  1989 | D        | Reached XP level 10. HP: 107/107 MP: 9/9
  2054 | D        | Reached skill level 10 in Armour
  2097 | D        | Reached ****** piety under Trog
  2113 | D        | Received a gift from Trog
  2114 | D        | Reached skill level 17 in Fighting
  2230 | D        | Noticed a lindwurm
  2236 | D        | Killed a lindwurm
  2245 | D        | Noticed Urug
  2248 | D        | Killed Urug
  2495 | D        | Received a gift from Trog
  2499 | D        | Reached skill level 18 in Fighting
  2505 | D        | Received a gift from Trog
  2512 | D        | Received a gift from Trog
  2521 | D        | Received a gift from Trog
  2523 | D        | Reached XP level 11. HP: 121/121 MP: 10/10
  2683 | D        | Noticed Dowan
  2683 | D        | Noticed Duvessa
  2692 | D        | Killed Duvessa
  2697 | D        | Killed Dowan
  2698 | D        | Reached skill level 19 in Fighting
  2810 | D        | Received a gift from Trog
  2925 | D        | Noticed an obsidian statue
  2928 | D        | Noticed a soul eater
  2928 | D        | Noticed a sixfirhy
  2929 | D        | Noticed a sun demon
  2940 | D        | Killed an obsidian statue
  3091 | D        | Reached skill level 20 in Fighting
  3129 | D        | Noticed a wolf spider
  3129 | D        | Noticed a brown ugly thing
  3130 | D        | Noticed an alligator
  3130 | D        | a wolf spider changed into an alligator
  3132 | D        | Killed a brown ugly thing
  3132 | D        | Received a gift from Trog
  3135 | D        | an alligator changed into a slime creature
  3138 | D        | Noticed a broodmother
  3138 | D        | a slime creature changed into a broodmother
  3141 | D        | Noticed an orb spider
  3141 | D        | a broodmother changed into an eye of devastation
  3209 | D        | Identified the +5 long sword of Tenacity {venom, rPois
                  | Str+2 Int+3}
  3216 | D        | Noticed a fire dragon
  3221 | D        | Killed a fire dragon
  3222 | D        | Reached skill level 15 in Armour
  3232 | D        | Noticed a centaur warrior
  3236 | D        | Killed a centaur warrior
  3236 | D        | Noticed a soul eater
  3395 | D        | Noticed a +1 flail of pain
  3395 | D        | Noticed a +1 trident of freezing
  3396 | D        | Noticed a +2 halberd of venom
  3398 | D        | Noticed a +1 scimitar of electrocution
  3400 | D        | Killed a +1 flail of pain
  3401 | D        | Reached skill level 21 in Fighting
  3403 | D        | Killed a +1 scimitar of electrocution
  3404 | D        | Killed a +1 trident of freezing
  3404 | D        | Killed a +2 halberd of venom
  3411 | D        | HP: 6/127 [poisoned by a +2 halberd of venom]
  3892 | D        | Found Todil's Antique Armour Shop.
  3892 | D        | Found Tiskaa Butho's Assorted Antiques.
  3892 | D        | Found Puruumn's Armour Shoppe.
  3892 | D        | Found Ulaq's Armour Boutique.
  3892 | D        | Found Juts's Book Emporium.
  3892 | D        | Found Durayta's Magic Scroll Shoppe.
  3892 | D        | Found Afixeat's Jewellery Shop.
  3892 | D        | Found Fybrysacs's Antique Weapon Shop.
  3892 | D        | Found Jiw Nooxt's Distillery.
  3892 | D        | Found Fewigiy's Magic Scroll Emporium.
  3892 | D        | Found Loruetek's Assorted Antiques.
  3994 | D        | Noticed an orc high priest
  3995 | D        | Noticed an orc knight
  3999 | D        | Noticed a sixfirhy
  4003 | D        | Killed an orc high priest
  4004 | D        | Reached XP level 12. HP: 137/137 MP: 11/11
  4004 | D        | Received a gift from Trog
  4011 | D        | Found Eruhedghytekk's Distillery.
  4014 | D        | Received a gift from Trog
  4123 | D        | Bought a potion of curing for 33 gold pieces
  4123 | D        | Bought a potion of curing for 33 gold pieces
  4219 | D        | Reached skill level 22 in Fighting
  4223 | D        | Received a gift from Trog
  4227 | D        | Noticed a deep elf demonologist
  4357 | D        | Identified the +9 scimitar of Discretion {flame, Fly rPois
                  | rF+ rN++}
  4357 | D        | Noticed a deep elf demonologist
  4357 | D        | Noticed a deep elf demonologist
  4358 | D        | Noticed a Tzitzimitl
  4368 | D        | Killed a deep elf demonologist
  4518 | D        | Noticed a deep elf death mage
  4665 | D        | Noticed a deep elf high priest
  4666 | D        | Identified the +0 robe "Ihuxops" {rPois rC+ Str+4 Int+5}
  4673 | D        | Killed a deep elf demonologist
  4676 | D        | Killed a ghostly deep elf demonologist
  4676 | D        | Killed a deep elf high priest
  4677 | D        | Noticed a deep elf master archer
  4679 | D        | Killed a ghostly deep elf high priest
  4679 | D        | Identified the +8 trident "Piocef" {freeze, rElec rN+
                  | Str-2}
  4679 | D        | Identified the amulet "Worriwutz" {RegenMP Harm}
  4679 | D        | Noticed a deep elf annihilator
  4680 | D        | Noticed a hell beast
  4681 | D        | Received a gift from Trog
  4682 | D        | Noticed a Brimstone Fiend
  4687 | D        | Killed a deep elf demonologist
  4688 | D        | Reached skill level 23 in Fighting
  4688 | D        | Shot with an arrow by a deep elf master archer

Illustrated notes

Levels and vault maps discovered:
D:        dungeon_sprint_mu [sprint_mu_entry_cave, sprint_mu_temple_rooms,
          sprint_mu_d1_horrors, sprint_mu_d2_genie, sprint_mu_d3_branching,
          sprint_mu_orc_legion, sprint_mu_elf_gauntlet, sprint_mu_hive_nellie,
          sprint_mu_lair_fedhas, sprint_mu_vaults_butterflies,
          sprint_mu_slime_circle, sprint_mu_shoals_kraken,
          sprint_mu_snake_twists, sprint_mu_blade_basic, sprint_mu_crypt_lich,
          sprint_mu_tomb_spiral, sprint_mu_vestibule_basic,
          sprint_mu_gehenna_hellfire, sprint_mu_dis_giant,
          sprint_mu_tartarus_statrot, sprint_mu_cocytus_islands, sprint_mu_zot1]

Skill      XL: |  1  2  3  4  5  6  7  8  9 10 11 12 |
---------------+-------------------------------------+-----
Fighting       | 5 7 11 13 14 16 18 21 23 | 23.0
Axes           | 5 7 12 14 15 17 19 21 22 | 22.6
Armour         | 3 5 6 7 9 13 15 17 | 17.0
Dodging        | 3 6 7 8 10 11 | 11.4
Stealth        | 1 2 3 |  3.5

Action                   |  1- 3 |  4- 6 |  7- 9 | 10-12 || total
-------------------------+-------+-------+-------+-------++-------
Melee: Hand axe          |    12 |    13 |   101 |       ||   126
       Headbutt          |     4 |     1 |    31 |    25 ||    61
       Kick              |     1 |     2 |    41 |    37 ||    81
       Punch             |       |       |     1 |     1 ||     2
       Broad axe         |       |       |       |   161 ||   161
Invok: Berserk           |     2 |     2 |     5 |     9 ||    18
       Brothers in Arms  |       |       |       |     1 ||     1
  Use: Potion            |     1 |       |       |       ||     1
       Scroll            |       |       |       |     1 ||     1
 Stab: Distracted        |       |       |       |     1 ||     1
Armor: Animal skin       |       |     3 |       |       ||     3
       Chain mail        |       |       |    20 |    49 ||    69
Dodge: Dodged            |     7 |    11 |    31 |    64 ||   113

Table legend: (Time is in decaauts)
 A = Elapsed time spent in this place.
 B = Non-inter-level travel time spent in this place.
 C = Inter-level travel time spent in this place.
 D = Time resting spent in this place.
 E = Time spent auto-exploring this place.
 F = Levels seen in this place.
 G = Mean time per level.
                   A        B        C        D        E       F      G
               +--------+--------+--------+--------+--------+-----+--------+
         Total |   4749 |   4749 |      0 |   3586 |     23 |   1 | 4749.0 |
       Dungeon |   4749 |   4749 |      0 |   3586 |     23 |   1 | 4749.0 |
               +--------+--------+--------+--------+--------+-----+--------+

Top non-repeatable levels by time:
       D: 4749 daAuts
